AoeStats
← teshi

Northern Isles

510539430Analyzed
1v1 RM · 2d ago on Oct 1, 2026· 60m 55s· 2 players
Game mode
Random Map
Map size
Tiny (2 player)
Population
200
Speed
Normal
Resources
Standard
Victory
Conquest
Starting age
Dark Age
Ending age
Imperial Age
RankedLock teamsTeams togetherTeam positionsShared explorationLock speedFull tech treeHidden civsTurbo modeCheats
Victory
Defeat
🇯🇵 Vikings · Japan
1146
+17
🇦🇷 Saracens · Argentina
1158
-17
teshi
8:55 Loom
11:32 Feudal Age
12:08 Double-Bit Axe
12:56 Forging
12:53 Town Watch
19:00 Castle Age
17:20 Gold Mining
18:46 Stone Mining
18:48 Fishing Lines
19:55 Medium Warships
21:03 Fletching
21:54 Gillnets
22:39 Bodkin Arrow
26:54 Horse Collar
38:12 Imperial Age
36:56 Gold Shaft Mining
36:48 Clinker Construction
36:48 Careening
36:48 Clinker Construction
36:48 Careening
37:42 Bow Saw
38:58 Fervor
39:15 Conscription
38:58 Town Patrol
40:06 Bracer
40:50 Heavy Warships
40:23 Elite Longship
41:53 Padded Archer Armor
43:17 Leather Archer Armor
43:37 Iron Casting
43:02 Scale Mail Armor
43:37 Iron Casting
43:02 Scale Mail Armor
44:47 Chieftains
44:47 Bogsveigar
44:48 Chieftains
44:48 Bogsveigar
45:14 Elite Berserk
46:41 Chain Mail Armor
48:06 Hoardings
48:08 Heavy Plow
48:23 Masonry
47:53 Treadmill Crane
48:23 Masonry
47:53 Treadmill Crane
50:39 Plate Mail Armor
51:09 Blast Furnace
50:40 Plate Mail Armor
51:10 Blast Furnace
50:24 Devotion
50:40 Block Printing
51:28 Architecture
51:26 Ballistics
54:11 Ring Archer Armor
53:51 Squires
53:37 Arson
53:58 Pikeman
56:55 Two-Man Saw
56:57 Chemistry
56:52 Crop Rotation
57:42 Carvel Hull
58:47 Siege Engineers
VyM
7:24 Loom
9:57 Feudal Age
11:05 Double-Bit Axe
18:35 Castle Age
17:10 Fletching
17:32 Horse Collar
19:37 Medium Warships
21:58 Bow Saw
22:29 Bodkin Arrow
22:35 Town Watch
25:20 Town Patrol
26:51 Wheelbarrow
33:03 Imperial Age
31:06 Stone Mining
31:09 Gold Mining
33:13 Hand Cart
34:50 Chemistry
35:07 Conscription
36:27 Two-Man Saw
36:28 Heavy Warships
38:54 Masonry
41:18 Gold Shaft Mining
41:01 Elite Cannon Galleon
56:08 Bracer
57:10 Forging
57:06 Padded Archer Armor
Connection lost

Rejoining the realm…

Still unreachable

The connection could not be restored.

Session expired

The server has moved on; the page needs a fresh start.